Map: Orbital Shipyard

Players

Tenschert

  • Race: Terran Terran

Hanuman - Winner!

  • Race: Zerg Zerg

VOD

Have the link to the VOD?

Description

Time

  • Played on: Feb. 3, 2016, 2 p.m.
  • Length: 6:41
Show
View Real Time Build Order
Export as new Build Order

Tenschert Terran 

Build Orders: MMM Bio 

Get SALT Encoding   

  12  0:01  SCV  
  13  0:15  Supply Depot  
  13  0:18  SCV  
  14  0:31  Supply Depot, SCV  
  15  0:43  SCV  
  16  0:52  Barracks  
  16  1:01  Barracks  
  16  1:04  SCV  
  17  1:13  Refinery  
  17  1:16  SCV  
  18  1:33  SCV  
  19  1:41  Marine  
  19  1:45  Engineering Bay  
  19  1:46  Orbital Command  
  20  1:50  Barracks Tech Lab  
  20  1:59  Marine  
  21  2:09  Refinery  
  21  2:11  Marine  
  22  2:17  Marine  
  23  2:22  Supply Depot  
  23  2:24  Combat Shields  
  23  2:29  SCV  
  24  2:40  Marine x2  
  24  2:41  SCV, Barracks  
  27  2:49  Terran Infantry Weapons Level 1  
  27  2:58  Marine x2  
  29  3:07  Supply Depot  
  29  3:09  SCV  
  30  3:16  Marine x2  
  32  3:21  SCV  
  33  3:27  Barracks Reactor  
  33  3:34  Marine  
  33  3:37  Factory, Marine  
  35  3:43  Supply Depot  
  35  3:44  Stimpack  
  35  3:48  SCV  
  36  3:52  Marine  
  36  3:55  Marine  
  38  4:04  Marine x2  
  38  4:09  Marine  
  40  4:13  Marine  
  42  4:21  Marine  
  42  4:22  Marine  
  44  4:26  Armory  
  44  4:27  Marine  
  44  4:31  Marine  
  46  4:39  Supply Depot, Marine x2  
  46  4:43  Terran Infantry Armor Level 1  
  46  4:45  Marine  
  48  4:46  Hellion  
  51  5:02  Supply Depot  
  51  5:05  Marine x2  
  53  5:07  Marine  
  53  5:10  Marine  
  55  5:15  Starport  
  55  5:36  Command Center  
  55  5:38  Marine  
  55  5:41  Factory Tech Lab  
  55  5:42  Marine  
  57  5:51  Supply Depot  
  57  5:54  Starport Tech Lab  
  57  5:55  Marine  
  57  5:56  Marine  
  59  6:03  Marine x2  
  61  6:13  Supply Depot, Marine  
Show
View Real Time Build Order
Export as new Build Order

Hanuman Zerg - Winner!

Build Orders: Hatch First 

Get SALT Encoding   

  12  0:01  Drone  
  13  0:08  Drone  
  14  0:17  Overlord  
  14  0:24  Drone, Extractor  
  15  0:35  Drone x2  
  17  0:59  Hatchery  
  17  1:00  Drone  
  17  1:03  Drone  
  18  1:07  Extractor  
  17  1:20  Spawning Pool  
  17  1:21  Drone  
  17  1:29  Drone  
  17  1:30  Drone  
  19  1:46  Drone  
  20  1:57  Drone  
  20  2:00  Overlord  
  21  2:12  Queen  
  23  2:22  Zergling x8  
  27  2:26  Queen  
  29  2:35  Overlord  
  29  2:41  Extractor  
  28  2:45  Zergling x2  
  28  2:46  Zergling x4  
  30  3:07  Baneling Nest  
  29  3:22  Drone x3, Zergling x6  
  35  3:31  Hatchery  
  34  3:44  Drone x4, Zergling x6  
  41  4:00  Baneling x4  
  41  4:08  Drone x3  
  44  4:10  Overlord  
  44  4:20  Roach Warren  
  43  4:34  Zergling x12  
  43  4:35  Zergling x2  
  50  4:44  Drone  
  51  4:58  Zergling x10  
  56  5:09  Metabolic Boost  
  56  5:12  Lair  
  56  5:14  Queen  
  56  5:17  Overlord x2  
  58  5:21  Baneling  
  58  5:22  Baneling x3  
  58  5:41  Drone x2, Zergling x2  
  58  5:42  Drone x2, Zergling x6  
  66  5:43  Drone  
  67  5:53  Baneling  
  67  5:54  Baneling x3  
  67  5:55  Baneling  
  67  5:58  Zergling x2  
  67  5:59  Zergling x8  
Tags
 
Composition
MMM Bio
Matchup
TvZ
Add a new tag
Caveats
  • Supply blocks, unpowered buildings, or Contaminate may cause inaccurate times.
  • Supply counts are checked every 10 seconds.